 Dungeon Crawl Stone Soup version 0.26-a0-490-gf8362a0c98 (webtiles) character file.

Game seed: 849990815252026139

67 ANON1729 the Sneak (level 4, -5/37 HPs)
             Began as a Palentonga Delver on Aug 4, 2020.
             Slain by an orc
             ... wielding a +0 mace
              (10 damage)
             ... on level 4 of the Dungeon.
             The game lasted 00:02:36 (1977 turns).

ANON1729 the Sneak (Palentonga Delver)              Turns: 1977, Time: 00:02:37

Health: -5/37      AC:  4    Str: 19    XL:     4   Next: 0%
Magic:  4/4        EV: 10    Int: 10    God:
Gold:   81         SH:  0    Dex: 12    Spells: 3/3 levels left

rFire    . . .     SeeInvis +   r - +10 whip "Gac Buof" {freeze, Str+3}
rCold    . . .     Faith    .   (no shield)
rNeg     . . .     Spirit   .   b - +0 leather armour
rPois    .         Reflect  .   (no helmet)
rElec    .         Harm     .   (no cloak)
rCorr    .                      (no gloves)
MR       .....                  (boots restricted)
Stlth    ++........             (no amulet)
HPRegen  0.12/turn              (no ring)
MPRegen  0.09/turn              (no ring)

@: no status effects
A: large, rugged brown scales 3, see invisible, deformed body, roll, armoured
tail
a: Rolling Charge


You were on level 4 of the Dungeon.
You visited 1 branch of the dungeon, and saw 2 of its levels.

You collected 81 gold pieces.

Inventory:

Hand Weapons
 a - a +0 falchion
 p - the +7 mace of Fatigue {vorpal, +Rage Str-4 Int+3}
   (You found it on level 4 of the Dungeon)

   It inflicts extra damage upon your enemies.
   It affects your strength (-4).
   It affects your intelligence (+3).
   It lets you go berserk.
 r - the +10 whip "Gac Buof" (weapon) {freeze, Str+3}
   (You found it on level 4 of the Dungeon)

   It has been specially enchanted to freeze those struck by it, causing extra
   injury to most foes and up to half again as much damage against particularly
   susceptible opponents.
   It can also slow down cold-blooded creatures.
   It affects your strength (+3).
Armour
 b - a +0 leather armour (worn)
Jewellery
 j - a cursed ring of teleportation {unknown}
 l - an uncursed amulet of regeneration {unknown}
Wands
 g - a wand of digging (3)
 h - a wand of acid (6)
Scrolls
 c - a scroll of fog
 d - a scroll of magic mapping
 e - a scroll of fear
 i - a scroll of teleportation {unknown}
Potions
 f - a potion of haste
 k - a potion of degeneration {unknown}
 m - a potion of flight {unknown}
 n - a potion of heal wounds
 o - a potion of stabbing {unknown}
 q - a potion of resistance {unknown}


   Skills:
 + Level 3.5 Fighting
 - Level 2.3 Long Blades
 + Level 0.9 Maces & Flails
 + Level 2.2 Dodging
 + Level 3.7 Stealth


You had 3 spell levels left.
You didn't know any spells.
Your spell library was empty.

Dungeon Overview and Level Annotations

Branches:
Dungeon (5/15)
 Temple: D:4-7

Altars:
Gozag
Makhleb
Vehumet

Annotations:
D:5 exclusion: scorpion


Innate Abilities, Weirdness & Mutations

You are completely covered in rugged brown scales. (AC +3, +7% HP)
You have supernaturally acute eyesight. (SInv)
Armour fits poorly on your strangely shaped body.
You can roll at foes to attack.
You have a long armoured tail.


Message History

You hit the orc wizard. You freeze the orc wizard.
The orc wizard is almost dead.
The orc barely misses you.
The orc wizard gestures at you while chanting.
The magic dart hits you. The gnoll barely misses you.
You hit the orc wizard but do no damage.
Your tail-slap misses the orc wizard.
The orc wizard is almost dead.
The orc hits you with a +0 hand axe. The orc barely misses you.
The gnoll hits you from afar with a +0 spear.
The orc wizard gestures at you while chanting.
The puff of flame hits you. The orc completely misses you.
You barely miss the orc wizard.
The orc wizard is almost dead.
The orc wizard hits you but does no damage.
The gnoll hits you from afar with a +0 spear!
* * * LOW HITPOINT WARNING * * *
The orc hits you but does no damage. The orc barely misses you.
The orc hits you with a +0 mace!
You die...

#...........+ #..#.
#........>..# #..'.
#...........#######
####.
#.................# #.
#.................# #.
....########......# #.
.... #...g..# #. ..
#.ooo..# ...# #. #
#..#.o@...# ...# #. #.
#..#......# ...# #. #..
#'##......#+###...# #.
##..##..#......#.......#
#.
.......#......#.......+
#.
......#......#.......#
#. ###
#'##..#......#..>....#
#. ...
#.##'##......#.......#
#. ....
#.....#......#..##..##
#.


You could see an orc wizard, a gnoll and 3 orcs.

Vanquished Creatures
  A worker ant (D:4)
  A gnoll (D:5)
  2 adders (D:4)
  A leopard gecko (D:5)
  6 orcs (D:4)
  A giant cockroach (D:4)
12 creatures vanquished.

Notes
Turn   | Place    | Note
-------+----------+-------------------------------------------
     0 | D:5      | ANON1729 the Palentonga Delver began the quest for the Orb.
     0 | D:5      | Reached XP level 1. HP: 19/19 MP: 1/1
    89 | D:5      | Noticed a scorpion
   147 | D:5      | Found an opulent altar of Gozag.
   447 | D:5      | Found a radiant altar of Vehumet.
   638 | D:4      | Noticed an orc wizard
   663 | D:5      | Reached XP level 2. HP: 6/25 MP: 2/2
  1493 | D:4      | Got a polished mace
  1494 | D:4      | Identified the +7 mace of Fatigue {vorpal, +Rage Str-4
                  | Int+3} (You found it on level 4 of the Dungeon)
  1547 | D:4      | Found a burning altar of Makhleb.
  1644 | D:4      | Got an ancient whip
  1645 | D:4      | Identified the +10 whip "Gac Buof" {freeze, Str+3} (You
                  | found it on level 4 of the Dungeon)
  1696 | D:4      | Reached XP level 3. HP: 21/31 MP: 3/3
  1759 | D:4      | Reached XP level 4. HP: 22/37 MP: 4/4
  1977 | D:4      | Slain by an orc

Illustrated notes

Levels and vault maps discovered:
D:4:      layout_gridville, bloody_makhleb
D:5:      layout_loops_ring, fiery_altar_vehumet,
          nicolae_gozag_cash_rules_everything_around_me

Skill      XL: |  1  2 |
---------------+-------+-----
Dodging        | 2 |  2.2
Fighting       | |  3.5
Long Blades    | |  2.3
Maces & Flails | |  0.9
Stealth        | |  3.7

Action                   |  1- 3 |  4- 6 || total
-------------------------+-------+-------++-------
Melee: Falchion          |    30 |       ||    30
       Tailslap          |     6 |       ||     6
       Whip              |    15 |     7 ||    22
 Abil: Rolling Charge    |     1 |       ||     1
  Use: Potion            |       |     1 ||     1
 Stab: Sleeping          |     1 |       ||     1
Armor: Leather armour    |    13 |     2 ||    15
Dodge: Dodged            |    32 |     9 ||    41
       Rpst.: Falchion   |     5 |       ||     5

Table legend: (Time is in decaauts)
 A = Elapsed time spent in this place.
 B = Non-inter-level travel time spent in this place.
 C = Inter-level travel time spent in this place.
 D = Time resting spent in this place.
 E = Time spent auto-exploring this place.
 F = Levels seen in this place.
 G = Mean time per level.
                   A        B        C        D        E       F      G
               +--------+--------+--------+--------+--------+-----+--------+
         Total |   1984 |   1865 |    119 |    789 |    893 |   2 |  992.0 |
       Dungeon |   1984 |   1865 |    119 |    789 |    893 |   2 |  992.0 |
               +--------+--------+--------+--------+--------+-----+--------+

Top non-repeatable levels by time:
     D:4: 1081 daAuts
     D:5: 902 daAuts
